 Dungeon Crawl Stone Soup version 0.28-a0-657-g71136c5590 (webtiles) character file.

Game seed: 15300315197101672091

165 lawman0 the Ruffian (level 5, -1/39 HPs)
             Began as a Palentonga Transmuter on Oct 13, 2021.
             Killed from afar by Ijyb (14 damage)
             ... with a puff of flame
             ... on level 4 of the Dungeon.
             The game lasted 00:04:45 (2618 turns).

lawman0 the Ruffian (Palentonga Transmuter)         Turns: 2618, Time: 00:04:45

Health: -1/39      AC:  4    Str: 14    XL:     5   Next: 22%
Magic:  7/8        EV: 10    Int: 14    God:
Gold:   83         SH:  0    Dex: 10    Spells: 3/9 levels left

rFire   . . .      SeeInvis +     - Unarmed
rCold   . . .      Faith    .   (no shield)
rNeg    + . .      Spirit   .   a - +0 robe
rPois   .          Reflect  .   (helmet currently unavailable)
rElec   .          Harm     .   (no cloak)
rCorr   .          Rampage  .   (no gloves)
Will    .....                   (no barding)
Stlth   +.........              (no amulet)
HPRegen 0.13/turn               i - ring of positive energy
MPRegen 0.11/turn               (no ring)

@: appendages, hasted, very quick
A: horns 2, talons 2, large, rugged brown scales 3, see invisible, deformed
body, roll 1, armoured tail
a: Rolling Charge, End Transformation


You were on level 4 of the Dungeon.
You had temporarily grown beastly horns and talons.
You visited 1 branch of the dungeon, and saw 5 of its levels.

You collected 133 gold pieces.
You spent 50 gold pieces at shops.

Inventory:

Missiles
 e - 5 boomerangs (quivered)
Armour
 a - a +0 robe (worn)
 m - a +0 helmet (melded)
Jewellery
 i - a ring of positive energy (left hand)
Scrolls
 d - a scroll of silence {unknown}
 f - a scroll of identify {unknown}
 g - a scroll of amnesia {unknown}
 j - a scroll of immolation {unknown}
 k - a scroll of teleportation
Potions
 b - a potion of heal wounds
 c - a potion of haste
 l - a potion of curing


   Skills:
 + Level 1.3 Fighting
 + Level 2.0 Dodging
 * Level 4.3 Unarmed Combat
 + Level 2.6 Spellcasting
 * Level 3.4 Transmutations


You had 3 spell levels left.
You knew the following spells:

 Your Spells              Type           Power      Damage    Failure   Level
a - Beastly Appendage     Tmut           22%        N/A       5%          1
b - Wereblood             Tmut           11%        N/A       9%          2
c - Spider Form           Tmut/Pois      3%         N/A       32%         3

Your spell library contained the following spells:

 Spells                   Type           Power      Damage    Failure   Level
 Ice Form                 Ice/Tmut       6%         N/A       73%         4


Dungeon Overview and Level Annotations

Branches:
Dungeon (5/15)
 Temple: D:4-7

Altars:
Trog
Vehumet
Xom

Shops:
D:1 !

Annotations:
D:4 Ijyb


Innate Abilities, Weirdness & Mutations

You have temporarily grown beastly horns and talons.
You are completely covered in rugged brown scales. (AC +3, +7% HP)
You have supernaturally acute eyesight. (SInv)
Armour fits poorly on your strangely shaped body.
You can roll at nearby foes to attack.
You have a long armoured tail.


Message History

You feel sick. The scorpion barely misses you.
You hit the scorpion but do no damage. Your headbutt misses the scorpion.
You tail-slap the scorpion.
You kill the scorpion!
* * * LOW HITPOINT WARNING * * *
You feel sick. Ijyb hits you with a +0 club.
* * * LOW HITPOINT WARNING * * *
Your Dodging skill increases to level 2!
You have reached level 5!
You feel better. Ijyb closely misses you.
You hit Ijyb. You claw Ijyb, but do no damage. Your punch misses Ijyb.
Ijyb is moderately wounded.
You hit Ijyb but do no damage. You claw Ijyb, but do no damage.
Ijyb is moderately wounded.
Ijyb closely misses you.
You hit Ijyb but do no damage. You headbutt Ijyb, but do no damage.
You punch Ijyb.
Ijyb is moderately wounded.
You hit Ijyb but do no damage.
Ijyb is moderately wounded.
Ijyb closely misses you.
You barely miss Ijyb. You headbutt Ijyb, but do no damage.
Ijyb is moderately wounded.
You hit Ijyb. Your kick misses Ijyb.
Ijyb is heavily wounded.
Ijyb barely misses you.
You closely miss Ijyb.
Ijyb is heavily wounded.
Ijyb hits you but does no damage.
You closely miss Ijyb. Your kick misses Ijyb.
Ijyb is heavily wounded.
You hit Ijyb.
Ijyb is heavily wounded.
Ijyb completely misses you.
You hit Ijyb but do no damage.
Ijyb is heavily wounded.
You hit Ijyb.
Your tail-slap misses Ijyb.
Ijyb is severely wounded.
Ijyb zaps a wand.
The puff of flame hits you!
You die...

*,,,,*,,,,,,,,,
*,...#,......,,
*....#*#....#,,
*....# #....+,,
*##....# #....#,,
##......# #....#,*
#.......# #....#,,
#.......# #....#,,
#@g..?..# #....#,,
#.###+#####....#,,
####.#>......'....+,,
#...........##....#,,
#..#...#....#######,,
#.###.###...#******,,
#.,#...#....+,,,,,+,,
#,..S_......#******,,
*..#...#....# *,,


You could see Ijyb.

Vanquished Creatures
  A scorpion (D:4)
  A bullfrog skeleton (D:4)
  2 adders
  3 dart slugs
  4 orcs (D:3)
  8 endoplasms
  4 giant cockroaches
  3 hobgoblins
  6 jackals (D:1)
  5 kobolds
  A quokka (D:1)
  2 ball pythons
  A frilled lizard (D:1)
  3 goblins
  5 rats
  A spectral kobold (D:1)
50 creatures vanquished.

Notes
Turn   | Place    | Note
-------+----------+-------------------------------------------
     0 | D:1      | lawman0 the Palentonga Transmuter began the quest for the
                  | Orb.
     0 | D:1      | Reached XP level 1. HP: 16/16 MP: 3/3
   183 | D:1      | Found Qeuwn's Distillery.
   239 | D:1      | Reached XP level 2. HP: 22/22 MP: 3/5
   435 | D:1      | Learned a level 2 spell: Wereblood
   655 | D:1      | Reached XP level 3. HP: 21/27 MP: 6/6
   791 | D:1      | Found a faded altar of an unknown god.
  1086 | D:1      | Bought a potion of heal wounds for 50 gold pieces
  1972 | D:3      | Found a shimmering altar of Xom.
  1974 | D:3      | Found a bloodstained altar of Trog.
  1998 | D:3      | Reached XP level 4. HP: 7/34 MP: 2/7
  2232 | D:3      | Learned a level 3 spell: Spider Form
  2417 | D:3      | Noticed a black bear
  2463 | D:4      | Reached skill level 4 in Unarmed Combat
  2575 | D:4      | Found a radiant altar of Vehumet.
  2583 | D:5      | Entered Level 5 of the Dungeon
  2584 | D:5      | Noticed a scorpion
  2596 | D:4      | Noticed Ijyb
  2606 | D:4      | Killed a scorpion
  2607 | D:4      | Reached XP level 5. HP: 2/39 MP: 6/8
  2618 | D:4      | Killed from afar by Ijyb

Illustrated notes

Levels and vault maps discovered:
D:1:      dpeg_arrival_court, layout_basic,
          dreamdust_ecumenical_altar_drowned_temple, serial_shops, shop
D:2:      layout_basic
D:3:      layout_rooms, mainiacjoe_overflow_catwalk_spiral, lemuel_old_faithful,
          uniq_robin
D:4:      layout_basic, vehumet_crystals, minmay_statues_item,
          hangedman_decor_growths, uniq_ijyb, uniq_menkaure
D:5:      layout_rooms, minmay_temple_entry_tees

Skill      XL: |  1  2  3  4 |
---------------+-------------+-----
Transmutations | 3 |  3.4
Unarmed Combat | 4 |  4.3
Dodging        | 2 |  2.0
Fighting       | |  1.3
Spellcasting   | |  2.6

Action                   |  1- 3 |  4- 6 || total
-------------------------+-------+-------++-------
Melee: Unarmed           |   140 |    40 ||   180
       Tailslap          |     9 |     3 ||    12
       Headbutt          |    10 |     5 ||    15
       Kick              |    24 |    11 ||    35
       Punch             |       |     1 ||     1
 Cast: Beastly Appendage |    27 |     4 ||    31
       Wereblood         |     2 |     1 ||     3
 Abil: Rolling Charge    |     2 |       ||     2
  Use: Potion            |     1 |     2 ||     3
       Scroll            |     2 |     2 ||     4
Armor: Robe              |    53 |     9 ||    62
Dodge: Dodged            |    54 |    19 ||    73

Table legend: (Time is in decaauts)
 A = Elapsed time spent in this place.
 B = Non-inter-level travel time spent in this place.
 C = Inter-level travel time spent in this place.
 D = Time resting spent in this place.
 E = Time spent auto-exploring this place.
 F = Levels seen in this place.
 G = Mean time per level.
                   A        B        C        D        E       F      G
               +--------+--------+--------+--------+--------+-----+--------+
         Total |   2607 |   2536 |     71 |    470 |   1505 |   5 |  521.4 |
       Dungeon |   2607 |   2536 |     71 |    470 |   1505 |   5 |  521.4 |
               +--------+--------+--------+--------+--------+-----+--------+

Top non-repeatable levels by time:
     D:1: 1137 daAuts
     D:2: 810 daAuts
     D:3: 481 daAuts
     D:4: 168 daAuts
     D:5: 9 daAuts
